Map: Orbital Shipyard

Players

urbAn - Winner!

  • Race: Zerg Zerg
  • League: Gold

Javert

  • Race: Zerg Zerg
  • League: Silver

VOD

Have the link to the VOD?

Description

Time

  • Played on: July 17, 2015, 12:17 a.m.
  • Length: 16:30
Show
View Real Time Build Order
Export as new Build Order

urbAn Zerg - Winner!

Build Orders: Hatch First, Lurkers 

Get SALT Encoding   

  12  0:01  Drone  
  13  0:08  Drone  
  14  0:17  Overlord  
  14  0:23  Extractor  
  14  0:24  Drone  
  15  0:36  Drone x2  
  17  0:44  Drone  
  18  0:55  Drone  
  19  1:00  Hatchery  
  18  1:05  Drone  
  19  1:16  Extractor  
  18  1:19  Spawning Pool  
  17  1:26  Drone  
  18  1:37  Drone  
  18  1:38  Drone  
  20  1:48  Overlord  
  20  2:00  Drone  
  21  2:06  Queen  
  23  2:10  Hatchery  
  23  2:12  Zergling x2  
  23  2:21  Queen  
  25  2:30  Metabolic Boost  
  25  2:36  Drone  
  25  2:37  Drone x2  
  27  2:42  Zergling x2  
  29  2:51  Queen  
  29  2:54  Zergling x2  
  29  2:55  Zergling x2  
  33  2:58  Drone  
  33  3:05  Baneling Nest  
  33  3:16  Zergling x6  
  36  3:31  Zergling x6  
  36  3:32  Zergling x8  
  39  3:42  Spine Crawler  
  39  3:44  Zergling x2  
  39  3:45  Zergling x4  
  31  4:06  Zergling x10  
  31  4:07  Zergling x8  
  39  4:10  Baneling x2  
  39  4:12  Baneling x2  
  39  4:26  Drone x2  
  39  4:27  Overlord  
  41  4:44  Queen  
  43  4:48  Drone x5  
  43  4:49  Drone  
  49  4:57  Lair  
  49  5:04  Roach Warren  
  49  5:05  Evolution Chamber  
  47  5:08  Extractor  
  47  5:10  Drone  
  47  5:12  Extractor  
  46  5:24  Drone x3  
  46  5:25  Overlord  
  46  5:27  Overlord  
  49  5:31  Zerg Missile Weapons Level 1  
  49  5:45  Drone x3  
  49  5:47  Drone x2  
  49  5:48  Drone x2  
  54  5:53  Drone x3  
  54  5:55  Glial Reconstitution  
  56  6:13  Drone, Zergling x2  
  56  6:14  Drone x6, Zergling x2  
  65  6:22  Baneling x2  
  64  6:45  Spore Crawler  
  60  6:47  Roach x4  
  60  6:51  Overlord x6  
  66  6:54  Extractor  
  66  6:56  Evolution Chamber  
  64  7:02  Drone x2  
  66  7:12  Roach  
  66  7:13  Roach x8  
  66  7:14  Roach  
  86  7:25  Overseer, Zerg Ground Armor Level 1  
  86  7:33  Zerg Missile Weapons Level 2  
  86  7:35  Drone x7  
  93  7:54  Drone x3, Extractor  
  93  7:55  Extractor  
  93  7:56  Drone x3  
  93  7:57  Drone x5  
  102  8:03  Hydralisk Den  
  99  8:09  Overlord x4  
  94  8:22  Roach x6  
  94  8:23  Roach, Zergling x4  
  96  8:43  Roach x10  
  96  8:46  Muscular Augments  
  116  8:56  Roach x3  
  123  9:17  Roach x11  
  123  9:18  Roach  
  145  9:27  Zerg Ground Armor Level 2  
  113  9:49  Roach x4  
  113  9:50  Roach x5  
  119  9:54  Lurker Den  
  119  9:58  Roach  
  119  9:59  Roach x11  
  143  10:01  Zerg Melee Weapons Level 1  
  143  10:16  Overseer  
  143  10:23  Hatchery  
  140  10:59  Roach  
  140  11:00  Overlord, Roach x2  
  140  11:01  Overlord x7  
  146  11:15  Hatchery  
  146  11:18  Drone  
  146  11:25  Hatchery  
  95  11:41  Hydralisk x3, Roach x6  
  91  11:54  Roach x2  
  91  11:55  Roach x5  
  91  11:56  Roach x5  
  113  12:06  Infestation Pit, Extractor  
  111  12:10  Extractor  
  111  12:12  Lurker  
  111  12:17  Overseer  
  112  12:30  Hydralisk  
  112  12:31  Hydralisk x12  
  138  12:39  Lurker  
  138  12:40  Lurker  
  138  12:43  Queen  
  142  12:46  Hive  
  142  12:49  Hydralisk x4  
  142  12:50  Zergling x2  
  151  12:52  Extractor  
  151  12:53  Extractor  
  85  13:13  Hydralisk x4  
  85  13:14  Hydralisk, Roach x3  
  100  13:34  Hydralisk x2  
  100  13:35  Roach x2  
  100  13:36  Hydralisk x3  
  100  13:37  Roach x2, Zergling x4  
  120  13:44  Lurker  
  120  13:45  Lurker x5  
  112  14:23  Hydralisk  
  112  14:24  Hydralisk x7  
  112  14:25  Roach x2  
  132  14:40  Hydralisk x2  
  132  14:41  Roach x2  
  124  14:58  Lurker x3  
  124  14:59  Lurker  
  103  15:29  Roach  
  103  15:30  Roach x9  
  117  15:42  Hydralisk  
  117  15:43  Hydralisk, Roach  
  117  15:49  Hydralisk  
  117  16:02  Hatchery  
Show
View Real Time Build Order
Export as new Build Order

Javert Zerg 

Build Orders: Hatch First, Lurkers 

Get SALT Encoding   

  12  0:03  Drone  
  13  0:12  Overlord  
  13  0:18  Drone  
  14  0:31  Drone x2  
  16  0:36  Drone  
  17  0:56  Drone  
  18  0:58  Hatchery  
  18  0:59  Extractor  
  18  1:03  Drone  
  17  1:09  Drone  
  18  1:19  Spawning Pool  
  18  1:22  Drone  
  18  1:29  Drone  
  19  1:48  Drone  
  19  1:53  Overlord  
  20  2:04  Drone  
  20  2:06  Metabolic Boost  
  21  2:09  Queen  
  21  2:10  Queen  
  21  2:15  Zergling x4  
  27  2:23  Zergling x4  
  29  2:32  Zergling x2  
  30  2:38  Zergling x2  
  31  2:56  Baneling Nest  
  30  2:59  Zergling x8  
  34  3:10  Drone x2  
  36  3:17  Hatchery  
  35  3:22  Overlord  
  33  3:35  Zergling x2  
  33  3:36  Zergling x6  
  33  3:40  Baneling x4  
  35  3:44  Drone x5  
  35  4:05  Queen  
  36  4:15  Drone x5  
  41  4:19  Overlord  
  41  4:34  Drone x2  
  43  4:40  Queen  
  45  4:49  Drone x9  
  54  4:55  Baneling x3  
  54  5:02  Drone x2  
  54  5:06  Lair  
  54  5:07  Extractor  
  55  5:10  Extractor x2  
  53  5:16  Drone x4  
  57  5:24  Drone  
  58  5:31  Roach Warren  
  58  5:32  Drone  
  58  5:33  Overlord  
  58  5:39  Evolution Chamber  
  58  5:40  Drone  
  58  5:41  Evolution Chamber  
  58  5:42  Overlord  
  57  5:48  Drone  
  57  5:49  Overlord  
  57  5:58  Drone x6  
  57  5:59  Drone x2  
  58  6:12  Zergling x2  
  58  6:13  Zergling x2  
  53  6:19  Roach  
  53  6:20  Roach x7  
  68  6:47  Drone x8  
  65  6:51  Zerg Missile Weapons Level 1, Glial Reconstitution, Zerg Ground Armor Level 1  
  70  7:02  Drone  
  70  7:03  Drone x2  
  73  7:10  Hydralisk Den  
  73  7:14  Overlord x2  
  72  7:26  Overlord x2  
  72  7:32  Queen  
  76  7:37  Roach x7  
  76  7:40  Drone  
  76  7:42  Overlord x4  
  89  7:44  Muscular Augments  
  89  7:47  Burrow  
  89  7:54  Roach x5  
  97  8:14  Roach x8  
  99  8:29  Roach x3  
  99  8:30  Roach x4  
  113  8:37  Overlord  
  113  8:38  Overlord  
  113  8:42  Extractor  
  112  8:52  Overlord x2  
  112  8:55  Extractor  
  111  8:56  Zerg Ground Armor Level 2, Zerg Missile Weapons Level 2  
  111  8:58  Overlord x2  
  111  9:09  Drone x6  
  118  9:10  Drone  
  118  9:13  Overlord x2, Roach x28  
  118  9:14  Drone x2  
  118  9:15  Drone x3  
  123  9:17  Overseer  
  123  9:23  Extractor  
  122  9:26  Extractor  
  122  9:28  Roach x2  
  121  9:36  Roach x6  
  105  9:56  Lurker Den  
  107  10:00  Drone x5  
  110  10:08  Roach  
  110  10:09  Roach x3  
  118  10:19  Roach x3  
  124  10:47  Roach x5  
  124  10:48  Roach x3  
  136  10:55  Overlord  
  130  11:02  Infestation Pit  
  130  11:03  Roach x8  
  145  11:13  Hydralisk x3  
  145  11:18  Ravager x5  
  156  11:20  Hydralisk x2  
  134  11:37  Roach x4  
  134  11:38  Roach x5  
  128  11:47  Roach x3  
  130  11:57  Hatchery, Hydralisk x3  
  135  12:03  Queen x2  
  135  12:07  Roach x3  
  145  12:30  Hydralisk  
  145  12:31  Hydralisk x11  
  169  12:43  Overlord  
  169  12:56  Roach x8  
  171  13:06  Roach x3  
  141  13:13  Hatchery  
  141  13:14  Extractor  
  141  13:15  Roach x7, Extractor  
  141  13:17  Queen  
  147  13:21  Queen  
  149  13:30  Lurker x4  
  153  13:46  Roach x10  
  173  13:52  Drone  
  173  13:53  Drone  
  160  14:13  Overseer x3  
  154  14:17  Roach x9  
  170  14:26  Spine Crawler  
  170  14:27  Spine Crawler  
  170  14:29  Spore Crawler  
  144  14:59  Roach x10  
  164  15:00  Roach x3  
  133  15:11  Roach x5  
  111  15:22  Ravager x6  
  111  15:23  Ravager  
  111  15:25  Roach x4  
  126  15:32  Spine Crawler  
  85  15:50  Roach x8  
  101  16:10  Roach x8  
Tags
 
Add a new tag
Caveats
  • Supply blocks, unpowered buildings, or Contaminate may cause inaccurate times.
  • Supply counts are checked every 10 seconds.